 Dungeon Crawl Stone Soup version 0.32-a0-953-g508020473e (webtiles) character file.

Game seed: 12097873531632677039

67 Gadrel the Sneak (level 4, -7/58 HPs)
             Began as a Naga Artificer on Apr 17, 2024.
             Was a Follower of Yredelemnul.
             Mangled by a gnoll
             ... wielding a +0 flail
              (10 damage)
             ... on level 2 of the Dungeon.
             The game lasted 00:06:44 (1288 turns).

Gadrel the Sneak (Naga Artificer)                   Turns: 1288, Time: 00:06:45

Health: -7/58      AC:  5    Str: 16    XL:     4   Next: 18%
Magic:  4/5        EV:  4    Int: 12    God:    Yredelemnul [*.....]
Gold:   95         SH:  0    Dex: 11    Spells: 5/5 levels left

rFire   . . .        a - +0 club
rCold   . . .        (no shield)
rNeg    + . .        l - +0 chain mail
rPois   +            (no helmet)
rElec   .            (no cloak)
rCorr   .            (no gloves)
SInv    +            (no barding)
Will    .....        (no amulet) Stlth
                     N - ring of positive energy {rN+}
HPRegen 0.29/turn    Z - ring of wizardry {Wiz+, !d}
MPRegen 0.09/turn

%: wizardry (x1)
@: berserking, wreathed by umbra, quick
A: AC +1, large, see invisible, deformed body, poison resistance, slowness 2,
spit poison 1, naga tail 1
a: Spit Poison, Renounce Religion, Light the Black Torch, Recall Undead Harvest


You were on level 2 of the Dungeon.
You worshipped Yredelemnul.
Yredelemnul was noncommittal.
You visited 1 branch of the dungeon, and saw 2 of its levels.

You collected 95 gold pieces.

Inventory:

Hand Weapons
 a - a +0 club (weapon)
Missiles
 s - 15 stones
Armour
 l - a +0 chain mail (worn)
   (You found it on level 1 of the Dungeon)
Jewellery
 N - a ring of positive energy (left hand) {rN+}
   (You found it on level 1 of the Dungeon)
 Z - a ring of wizardry (right hand) {Wiz+, !d}
   (You found it on level 1 of the Dungeon)
Wands
 d - a wand of iceblast (5)
 e - a wand of charming (15)
 q - a wand of flame (15)
Scrolls
 c - a scroll of fear {unknown}
 f - a scroll of identify {unknown}
 i - 2 scrolls of acquirement {unknown}
Potions
 h - a potion of attraction {unknown}
 j - a potion of heal wounds {unknown}
 J - a potion of curing {@q1}


   Skills:
 - Level 2.0 Fighting
 - Level 1.5 Armour
 - Level 0.7 Dodging
 - Level 5.0 Stealth
 + Level 1.0 Spellcasting
 + Level 0.1 Alchemy
 - Level 3.0 Evocations


You had 5 spell levels left.
You didn't know any spells.
Your spell library was empty.

Dungeon Overview and Level Annotations

Branches:
Dungeon (2/15)

Altars:
Yredelemnul

Shops:
D:1 (   D:2 =(:


Innate Abilities, Weirdness & Mutations

Your serpentine skin is tough. (AC +1)
You have supernaturally acute eyesight. (SInv)
Armour fits poorly on your strangely shaped body.
Your system is resistant to poisons. (rPois)
You cover ground very slowly.
You can spit poison.
You have a snake-like lower body.


Message History

You swap places.
You have got your breath back.
Your ball python zombie bites the gnoll.
Your ball python zombie constricts the gnoll.
The gnoll hits your ribbon worm zombie with a +0 whip.
The gnoll hits your ribbon worm zombie with a +0 flail.
Your ball python zombie bites the gnoll.
Your ball python zombie constricts the gnoll.
Your ribbon worm zombie completely misses the gnoll.
Your ribbon worm zombie bites the gnoll.
The gnoll dies!
Their soul becomes fuel for the torch.
Training target 2.0 for Fighting reached!
Your Fighting skill increases to level 2!
You need to enable at least one skill for training.
You have reached level 4!
You feel clever.
You regained 3 hp, and now have 14/39 hp.
MP restored: 4 The gnoll looks more healthy.
The gnoll hits your ribbon worm zombie with a +0 flail.
The gnoll hits your ball python zombie with a +0 spear!
Your ball python zombie is destroyed!
The gnoll hits your ribbon worm zombie with a +0 flail.
The gnoll hits your ribbon worm zombie with a +0 club.
Your ribbon worm zombie bites the gnoll.
The gnoll completely misses your adder zombie.
Your adder zombie bites the gnoll.
Your ribbon worm zombie bites the gnoll.
The gnoll hits your ribbon worm zombie with a +0 flail!
The gnoll hits your ribbon worm zombie with a +0 club.
The gnoll hits your ribbon worm zombie with a +0 spear.
Your adder zombie barely misses the gnoll.
Your adder zombie closely misses the gnoll.
The gnoll hits your ribbon worm zombie with a +0 flail.
Your ribbon worm zombie is destroyed!
The gnoll hits your ribbon worm zombie with a +0 spear!
Your adder zombie bites the gnoll.
The gnoll hits your adder zombie with a +0 flail!
Your ribbon worm zombie bites the gnoll.
Your adder zombie bites the gnoll but does no damage.
The gnoll attacks as it pursues you! The gnoll barely misses you.
Press: ? - help, Shift-Dir - straight line, f - gnoll
Aim: a gnoll, wielding a +0 spear (umbra, 65% to hit)
The splash of poison hits the gnoll but does no damage.
The gnoll hits you with a +0 club. The gnoll barely misses you.
You take 4 damage, and have 12/39 hp.
It was a potion of curing.
You feel better.
J - a potion of curing The gnoll closely misses you.
The gnoll hits you but does no damage.
You regained 12 hp, and now have 24/39 hp.
You closely miss the gnoll.
You have got your breath back.
The gnoll hits you with a +0 club. The gnoll hits you but does no damage.
Your ribbon worm zombie bites the gnoll.
You take 3 damage, and have 21/39 hp.
The gnoll hits you with a +0 club. The gnoll barely misses you.
You take 5 damage, and have 16/39 hp.
Okay, then.
Okay, then.
Unknown command.
Unknown command.
Press: ? - help, Shift-Dir - straight line, f - gnoll, p - gnoll
Aim: a gnoll, wielding a +0 flail (heavily wounded, 65% to hit)
The splash of poison misses the gnoll.
The splash of poison hits the gnoll but does no damage.
The gnoll is poisoned.
The gnoll hits you from afar with a +0 spear.
You take 1 damage, and have 15/39 hp.
You hit the gnoll. The gnoll hits you with a +0 club.
* * * LOW HITPOINT WARNING * * *
Your ribbon worm zombie bites the gnoll.
The gnoll hits you from afar with a +0 spear.
* * * LOW HITPOINT WARNING * * *
You take 10 damage, and have 5/39 hp.
MASSIVE DAMAGE!!
It was a potion of berserk rage.
A red film seems to cover your vision as you go berserk!
You feel yourself moving faster!
You feel mighty! The gnoll hits you with a +0 club.
* * * LOW HITPOINT WARNING * * *
The gnoll hits you from afar with a +0 spear.
* * * LOW HITPOINT WARNING * * *
Your ribbon worm zombie bites the gnoll.
The gnoll dies!
Their soul becomes fuel for the torch.
Training target 1.0 for Spellcasting reached!
Your Spellcasting skill increases to level 1!
You need to enable at least one skill for training.
You now have 2/58 hp.
You hit the gnoll. The gnoll barely misses you.
You barely miss the gnoll.
You have got your breath back.
The gnoll closely misses you.
You sock the gnoll!
You kill the gnoll!
Their soul becomes fuel for the torch.
The dead are walking!
The gnoll hits you with a +0 flail!
You die...
Your body rises from the dead as a mindless zombie.

###### #### ......
#..########.......
##########.....ZZ.##.......
........####.####.##...>...
...........#...##..........
........##)................
........Zg@Z.###..##.......
####....####..###........†.
#....# ##..............
#...g# ########...####
#..Z)# ##...... #.....
#.##### #....#. #.#####
#....### #.#.... #....#
#.<.##.


You could see a gnoll (ally target), a friendly ribbon worm zombie and a
friendly gnoll zombie.

Vanquished Creatures
  2 gnolls
  A ribbon worm (D:2)
  A dart slug (D:1)
  A bat (D:1)
  2 endoplasms (D:1)
  A goblin (D:1)
  2 jackals (D:1)
  2 ball pythons (D:2)
  A frilled lizard (D:1)
  A kobold (D:1)
  7 rats
21 creatures vanquished.

Vanquished Creatures (collateral kills)
  2 gnolls (D:2)
  An adder (D:2)
  A ribbon worm (D:2)
  A bat (D:2)
  A goblin (D:2)
  A frilled lizard (D:2)
7 creatures vanquished.

Vanquished Creatures (others)
  A ribbon worm zombie (D:2)
  An adder zombie (D:2)
  A bat zombie (D:2)
  A ball python zombie (D:2)
4 creatures vanquished.

Grand Total: 32 creatures vanquished

Notes
Turn   | Place    | Note
-------+----------+-------------------------------------------
     0 | D:1      | Gadrel the Naga Artificer began the quest for the Orb.
     0 | D:1      | Reached XP level 1. HP: 18/18 MP: 1/1
    55 | D:1      | Reached skill level 2 in Stealth
   229 | D:1      | Found Aluodgh's Antique Weapon Shoppe.
   234 | D:1      | Reached skill level 3 in Stealth
   234 | D:1      | Reached XP level 2. HP: 22/25 MP: 2/2
   516 | D:1      | Reached skill level 4 in Stealth
   516 | D:1      | Reached XP level 3. HP: 16/31 MP: 3/3
   847 | D:1      | Found a faded altar of an unknown god.
   853 | D:1      | Prayed at the altar of an unknown god.
   853 | D:1      | Became a worshipper of Yredelemnul the Fallen
   853 | D:1      | Reached * piety under Yredelemnul
   906 | D:2      | Found Uffiuddu's Book Emporium.
   913 | D:2      | Reached skill level 5 in Stealth
  1078 | D:2      | Found Veishr Uraa's Antique Weapon Emporium.
  1117 | D:2      | Found Qexzuid's Jewellery Emporium.
  1274 | D:2      | Reached skill level 2 in Fighting
  1274 | D:2      | Reached XP level 4. HP: 14/39 MP: 4/4
  1284 | D:2      | HP: 5/39 [gnoll/+0 spear (6)]
  1285 | D:2      | HP: 2/58 [gnoll/+0 spear (2)]
  1286 | D:2      | Reached skill level 1 in Spellcasting
  1288 | D:2      | Mangled by a gnoll

Illustrated notes

Levels and vault maps discovered:
D:1:      lightli_arrival_windingriver, layout_basic,
          chequers_ecumenical_altar_grove, serial_shops, shop
D:2:      layout_rooms, serial_shops, nicolae_square_shop, shop,
          nicolae_shop_crystal, nicolae_shop_hallway_plus

Skill      XL: |  1  2  3  4 |
---------------+-------------+-----
Stealth        | 3 4 5 |  5.0
Fighting       | 2 |  2.0
Spellcasting   | 1 |  1.0
Armour         | |  1.5
Dodging        | |  0.7
Alchemy        | |  0.1
Evocations     | |  3.0

Action                     |  1- 3 |  4- 6 || total
---------------------------+-------+-------++-------
  Melee: Club              |    45 |     5 ||    50
 Invoke: Light the Black T |     1 |       ||     1
Ability: Spit Poison       |    16 |     2 ||    18
    Use: Potion            |       |     2 ||     2
 Armour: Leather armour    |    20 |       ||    20
         Chain mail        |    27 |    11 ||    38
  Dodge: Dodged            |    19 |     6 ||    25

Table legend: (Time is in decaauts)
 A = Elapsed time spent in this place.
 B = Non-inter-level travel time spent in this place.
 C = Inter-level travel time spent in this place.
 D = Time resting spent in this place.
 E = Time spent auto-exploring this place.
 F = Levels seen in this place.
 G = Mean time per level.
                   A        B        C        D        E       F      G
               +--------+--------+--------+--------+--------+-----+--------+
         Total |   1727 |   1679 |     48 |      0 |   1405 |   2 |  863.5 |
       Dungeon |   1727 |   1679 |     48 |      0 |   1405 |   2 |  863.5 |
               +--------+--------+--------+--------+--------+-----+--------+

Top non-repeatable levels by time:
     D:1: 1202 daAuts
     D:2: 524 daAuts

Levels and vault maps discovered:
D:1:      lightli_arrival_windingriver, layout_basic,
          chequers_ecumenical_altar_grove, serial_shops, shop
D:2:      layout_rooms, serial_shops, nicolae_square_shop, shop,
          nicolae_shop_crystal, nicolae_shop_hallway_plus

Table legend: (Time is in decaauts)
 A = Elapsed time spent in this place.
 B = Non-inter-level travel time spent in this place.
 C = Inter-level travel time spent in this place.
 D = Time resting spent in this place.
 E = Time spent auto-exploring this place.
 F = Levels seen in this place.
 G = Mean time per level.
                   A        B        C        D        E       F      G
               +--------+--------+--------+--------+--------+-----+--------+
         Total |   1727 |   1679 |     48 |      0 |   1405 |   2 |  863.5 |
       Dungeon |   1727 |   1679 |     48 |      0 |   1405 |   2 |  863.5 |
               +--------+--------+--------+--------+--------+-----+--------+

Top non-repeatable levels by time:
     D:1: 1202 daAuts
     D:2: 524 daAuts

Table legend:
 A = Kills in this place as a percentage of kills in the entire game.
 B = Kills by you in this place as a percentage of kills by you in the entire game.
 C = Kills by friends in this place as a percentage of kills by friends in the entire game.
 D = Other kills in this place as a percentage of other kills in the entire game.
 E = Experience gained in this place as a percentage of experience gained in the entire game.
 F = Experience gained in this place divided by the number of levels of this place that you have seen.
                   A       B       C       D       E      F
               +-------+-------+-------+-------+-------+----------------------
         Total | 100.0 | 100.0 | 100.0 |   N/A | 100.0 |  55.5
       Dungeon | 100.0 | 100.0 | 100.0 |   N/A | 100.0 |  55.5
               +-------+-------+-------+-------+-------+----------------------
